 Dungeon Crawl Stone Soup version 0.19-a0-1492-gce1cc90 (webtiles) character file.

4524 Promi the Conjurer (level 10, -9/83 HPs)
             Began as a Red Draconian Conjurer on Sept 9, 2016.
             Was a Priest of Vehumet.
             Mangled by a spiny frog (13 damage)
             ... on level 1 of the Lair of Beasts.
             The game lasted 01:01:09 (10396 turns).

Promi the Conjurer (Red Draconian Conjurer)        Turns: 10396, Time: 01:01:10

Health: -9/83      AC:  8    Str: 14      XL:     10   Next: 17%
Magic:  1/18       EV: 15    Int: 18 (19) God:    Vehumet [***...]
Gold:   456        SH:  0    Dex: 16 (17) Spells: 5 memorised, 5 levels left

rFire  + . .     SeeInvis .     s - +0 falchion
rCold  . . .     Gourm    .     (armour unavailable)
rNeg   . . .     Faith    .     (no shield)
rPois  .         Spirit   .     (helmet restricted)
rElec  .         Dismiss  .     (no cloak)
rCorr  .         Reflect  .     o - +0 pair of gloves
MR     .....     Harm     .     (no boots)
Stlth  +++.......               z - amulet of regeneration
                                (no ring)
                                g - +5 ring of dexterity

@: lethally poisoned (-9 -> -22), drained
A: breathe fire, unfitting armour, blurry vision 1, deterioration 1, fire
resistance 1, strong 2, cold-blooded, AC +7
a: Breathe Fire, Renounce Religion


You were on level 1 of the Lair of Beasts.
You worshipped Vehumet.
Vehumet was most pleased with you.
You were hungry.

You visited 3 branches of the dungeon, and saw 11 of its levels.
You also visited: Ossuary.

You collected 456 gold pieces.

Inventory:

Hand Weapons
 s - a +0 falchion (weapon)
Armour
 o - a +0 pair of gloves (worn)
 u - a +0 large shield
Jewellery
 f - an uncursed ring of protection from cold {unknown}
 g - a +5 ring of dexterity (left hand)
 z - an amulet of regeneration (around neck)
 D - an uncursed ring of ice {unknown}
Wands
 v - a wand of heal wounds (4/9)
 y - a wand of lightning (11/15)
 A - a wand of lightning (6/15)
Scrolls
 c - a scroll of amnesia {unknown}
 d - 2 scrolls of teleportation
 h - 3 scrolls of fog
 l - 6 scrolls of remove curse
 n - 8 scrolls of identify
 r - 2 scrolls of recharging
 w - a scroll of blinking
 B - a scroll of enchant armour {unknown}
 G - a scroll of magic mapping
Potions
 e - 2 potions of berserk rage {unknown}
 i - 5 potions of curing
 j - a potion of might
 k - a potion of ambrosia
 m - 3 potions of heal wounds
 q - a potion of degeneration {unknown}
 t - a potion of resistance
 x - a potion of flight {unknown}
 E - a potion of lignification {unknown}
Books
 a - a book of Conjurations

   Spells                             Type                      Level
   a - Magic Dart                     Conjuration                  1
   b - Searing Ray                    Conjuration                  2
   c - Dazzling Spray                 Conjuration/Hexes            3
   d - Fulminant Prism                Conjuration/Hexes            4
   e - Iskenderun's Mystic Blast      Conjuration                  4
   f - Iskenderun's Battlesphere      Conjuration/Charms           5
Comestibles
 b - 2 bread rations
 p - 6 meat rations
 C - a beef jerky


   Skills:
 + Level 6.1(5.6) Fighting
   Level 2.4(1.9) Short Blades
 + Level 5.6(5.0) Dodging
 + Level 6.2(5.6) Stealth
 + Level 5.4(4.8) Shields
 + Level 5.7(5.2) Spellcasting
 + Level 7.0(6.4) Conjurations
 + Level 2.5(2.0) Charms


You had 5 spell levels left.
You knew the following spells:

 Your Spells              Type           Power        Failure   Level  Hunger
a - Magic Dart            Conj           ####         1%          1    None
b - Searing Ray           Conj           ####..       1%          2    #......
c - Dazzling Spray        Conj/Hex       ###...       3%          3    ##.....
d - Iskenderun's Mystic   Conj           ####....     3%          4    ####...
e - Iskenderun's Battles  Conj/Chrm      ###.....     24%         5    ######.


Dungeon Overview and Level Annotations

Branches:
Dungeon (9/15)             Temple (1/1) D:4            Lair (1/6) D:8
    Orc: D:9-12

Altars:
Ashenzari
Cheibriados
Dithmenos
Elyvilon
Fedhas
Gozag
Hepliaklqana
Kikubaaqudgha
Makhleb
Nemelex Xobeh
Okawaru
Qazlal
Ru
Sif Muna
Trog
Uskayaw
Vehumet
Xom
Yredelemnul
Zin
The Shining One

Annotations:
D:6 1 runed door, Edmund, Menkaure
Lair:1 Fannar


Innate Abilities, Weirdness & Mutations

You can breathe blasts of fire.
Your fiery red scales are hard. (AC +7)
Your body does not fit into most forms of armour.
Your flesh is heat resistant. (rF+)
You are cold-blooded and may be slowed by cold attacks.
Scrolls take you a little longer to read.
Your body sometimes deteriorates upon taking damage.
Your muscles are very strong. (Str +4)


Message History

Okay, then.
Casting: Iskenderun's Mystic Blast
Confirm with . or Enter, or press ? or * to list all spells.
Aiming: Searing Ray
Press: ? - help, Shift-Dir - straight line, f/p - spiny frog
Aim: a spiny frog (severely wounded)
The searing ray hits the spiny frog.
The spiny frog is severely wounded.
You feel very sick. The spiny frog stings you!!
Your body deteriorates!
You feel dopey.
The searing ray hits the spiny frog.
The spiny frog is severely wounded.
You feel sick. The spiny frog stings you!!
* * * LOW HITPOINT WARNING * * *
The searing ray hits the spiny frog.
The spiny frog is severely wounded.
* * * LOW HITPOINT WARNING * * *
You feel sick. The spiny frog stings you!
You die...

#....#
#...).#
##....#.
......
#[...#
#.... #..#
#@# ##F#
#FF# #.##
## #.## ..
#.##'.## ..
#...$.# .#
#.....#P.##
#.....+...#


You could see 3 spiny frogs.

Vanquished Creatures
  The ghost of Ooaix the Digger, a novice GrEE (D:4)
  Prince Ribbit (D:6)
  2 yaks (D:8)
  2 hippogriffs
  A sky beast (D:8)
  5 ice beasts
  2 ogres
  A phantom (D:4)
  3 centaurs (D:6)
  A crocodile (D:8)
  The ghost of Ooaix the Digger, an amateur GrEE (D:3)
  3 giant frogs
  2 big kobolds (D:8)
  An elf zombie (Ossuary)
  3 scorpions (D:6)
  3 wights (D:6)
  3 howler monkeys
  2 crimson imps
  2 giant frog zombies
  A quasit (D:8)
  2 hounds
  A centaur zombie (D:6)
  A giant frog skeleton (D:7)
  3 jellies
  2 orc wizards
  6 orc priests
  4 centaur skeletons
  2 human zombies (Ossuary)
  6 iguanas
  8 worker ants
  2 big kobold zombies (Ossuary)
  A hound zombie (D:7)
  A mummy (Ossuary)
  8 adders
  2 howler monkey skeletons
  11 river rats
  2 oozes (D:4)
  3 adder zombies
  An adder skeleton (D:5)
  3 giant geckos
  28 orcs
  3 giant cockroaches
  5 goblins
  7 hobgoblins
  22 jackals
  21 kobolds
  4 quokkas
  3 ball pythons
  8 bats
  4 giant newts
  2 goblin zombies (Ossuary)
  12 hobgoblin zombies (Ossuary)
  A jackal zombie (Ossuary)
  8 kobold zombies (Ossuary)
  4 orc zombies (Ossuary)
  A quokka zombie (D:6)
  4 rats
  A rat zombie (Ossuary)
247 creatures vanquished.

Vanquished Creatures (others)
  2 fungi
  A plant (Lair:1)
3 creatures vanquished.

Grand Total: 250 creatures vanquished

Notes
Turn   | Place    | Note
-------+----------+-------------------------------------------
     0 | D:1      | Promi the Draconian Conjurer began the quest for the Orb.
     0 | D:1      | Reached XP level 1. HP: 14/14 MP: 3/3
   279 | D:1      | Reached XP level 2. HP: 17/20 MP: 5/5
   406 | D:1      | Learned a level 2 spell: Searing Ray
   657 | D:1      | Reached XP level 3. HP: 21/26 MP: 6/6
   666 | D:1      | Learned a level 3 spell: Dazzling Spray
  1389 | D:2      | Found a white marble altar of Elyvilon.
  1451 | D:2      | Reached skill level 1 in Short Blades
  1564 | D:2      | Found a faded altar of an unknown god.
  1933 | D:3      | Reached skill level 1 in Fighting
  2032 | D:3      | Reached XP level 4. HP: 29/35 MP: 2/7
  2053 | D:3      | Noticed Ooaix's ghost (amateur GrEE)
  2592 | D:3      | Gained mutation: Your muscles are strong. (Str +2) [potion of mutation]
  2592 | D:3      | Gained mutation: Scrolls take you a little longer to read. [potion of mutation]
  2592 | D:3      | Gained mutation: You evolve. [potion of mutation]
  2693 | D:4      | Found a sand-covered staircase.
  2697 | Ossuary  | Entered an ossuary
  3025 | Ossuary  | Reached XP level 5. HP: 21/41 MP: 2/9
  3076 | Ossuary  | Reached skill level 1 in Shields
  3172 | Ossuary  | Reached XP level 6. HP: 14/48 MP: 10/10
  3547 | D:4      | Noticed Ooaix's ghost (novice GrEE)
  3656 | D:3      | Killed Ooaix's ghost
  3783 | D:4      | Found a staircase to the Ecumenical Temple.
  3787 | Temple   | Entered the Ecumenical Temple
  3822 | Temple   | Became a worshipper of Vehumet
  4027 | D:4      | Killed Ooaix's ghost
  4027 | D:4      | Reached skill level 5 in Conjurations
  4027 | D:4      | Your scales start taking on a fiery red colour.
  4027 | D:4      | Reached XP level 7. HP: 14/57 MP: 1/12
  4027 | D:4      | Gained mutation: Your flesh is heat resistant. (rF+) [Red Draconian growth]
  4844 | D:5      | Entered Level 5 of the Dungeon
  5202 | D:5      | Reached XP level 8. HP: 45/63 MP: 8/13
  5411 | D:5      | Learned a level 4 spell: Iskenderun's Mystic Blast
  5417 | D:5      | Learned a level 5 spell: Iskenderun's Battlesphere
  6282 | D:6      | Reached * piety under Vehumet
  6282 | D:6      | Offered knowledge of Freeze by Vehumet.
  6771 | D:6      | Noticed Prince Ribbit
  6785 | D:6      | Killed Prince Ribbit
  6923 | D:6      | Reached skill level 5 in Stealth
  6926 | D:6      | Reached skill level 6 in Conjurations
  6926 | D:6      | Reached XP level 9. HP: 29/73 MP: 4/16
  7252 | D:6      | Reached skill level 5 in Fighting
  7412 | D:6      | Found a runed door.
  7415 | D:6      | Found a runed door.
  7501 | D:6      | Noticed Edmund
  7578 | D:6      | Reached skill level 5 in Spellcasting
  7801 | D:6      | Reached skill level 1 in Charms
  7808 | D:6      | Gained mutation: Your muscles are very strong. (Str +4) [evolution]
  8036 | D:6      | Noticed Menkaure
  8081 | D:7      | Found an ancient bone altar of Kikubaaqudgha.
  8095 | D:7      | Reached ** piety under Vehumet
  8095 | D:7      | Reached skill level 5 in Dodging
  8103 | D:7      | Offered knowledge of Throw Frost by Vehumet.
  8976 | D:8      | Found a staircase to the Lair.
  9043 | D:8      | Reached skill level 5 in Shields
  9376 | D:8      | Offered knowledge of Static Discharge by Vehumet.
  9386 | D:8      | Reached XP level 10. HP: 80/83 MP: 8/18
  9660 | D:8      | Reached skill level 7 in Conjurations
  9818 | D:9      | Reached *** piety under Vehumet
 10039 | D:8      | Gained mutation: Your body sometimes deteriorates upon taking damage. [evolution]
 10039 | D:8      | Lost mutation: You evolve. [end of evolution]
 10221 | Lair:1   | Entered Level 1 of the Lair of Beasts
 10352 | Lair:1   | Noticed Fannar
 10376 | Lair:1   | Noticed a spiny frog
 10378 | Lair:1   | Noticed a spiny frog
 10388 | Lair:1   | Noticed a spiny frog
 10396 | Lair:1   | HP: 4/83 [poisoned by a spiny frog]
 10396 | Lair:1   | Mangled by a spiny frog

Vault maps used:
D:1:      minmay_arrival_three_doors, hangedman_decor_slide_cut, hex_tiny
D:2:      ecumenical_altar_1, elyvilon_altar_4
D:4:      nicolae_ossuary_entry_plus
D:5:      first_bread
D:6:      lemuel_insect_pit, uniq_edmund, uniq_prince_ribbit1, uniq_menkaure,
          uniq_blork_the_orc
D:7:      basic_altar, serial_bayou_pond_e
D:8:      due_lair_maze_entry_diamond
D:9:      minmay_orc_entry_temple_small
Temple:   nicolae_temple_the_god_donut
Lair:1:   beast_lair_carwin_10, uniq_fannar
Ossuary:  ossuary_tomb_1

Skill      XL: |  1  2  3  4  5  6  7  8  9 10 |
---------------+-------------------------------+-----
Dodging        | 2 3 4 5 |  5.6
Stealth        | 2 3 4 5 6 |  6.2
Short Blades   | 1 2 |  2.4
Fighting       | 1 2 3 4 5 6 |  6.1
Shields        | 1 2 4 5 |  5.4
Spellcasting   | 3 4 5 |  5.7
Conjurations   | 5 6 7 |  7.0
Charms         | 2 |  2.5

Action                   |  1- 3 |  4- 6 |  7- 9 | 10-12 || total
-------------------------+-------+-------+-------+-------++-------
Melee: Spear             |   147 |   261 |       |       ||   408
       Unarmed           |    10 |       |       |       ||    10
       Tailslap          |    10 |    44 |   113 |    40 ||   207
       Falchion          |       |       |   570 |   208 ||   778
 Cast: Magic Dart        |    23 |    10 |    76 |    11 ||   120
       Searing Ray       |     1 |    10 |    55 |     8 ||    74
       Iskenderun's Myst |       |       |     1 |     3 ||     4
       Dazzling Spray    |       |       |       |    11 ||    11
Evoke: Wand              |       |     2 |     3 |       ||     5
  Use: Scroll            |       |     8 |     2 |       ||    10
       Potion            |       |    11 |     1 |       ||    12
 Stab: Sleeping          |     6 |     5 |     7 |       ||    18
       Distracted        |       |     1 |       |       ||     1
       Invisible         |       |       |       |     1 ||     1
  Eat: Chunk             |     3 |     5 |    14 |     3 ||    25
       Beef jerky        |       |     1 |     1 |     1 ||     3
       Pizza             |       |     1 |       |       ||     1
       Bread ration      |       |       |     1 |       ||     1
Armor: Skin              |    45 |    82 |   160 |    45 ||   332
Dodge: Dodged            |   106 |   186 |   427 |   216 ||   935
